Map: Lost and Found LE

Players

ShoWTimE - Winner!

  • Race: Protoss Protoss
  • Spawn Location: 7:00

SortOf

  • Race: Zerg Zerg
  • Spawn Location: 1:00

Event: WCS Valencia 2018

VOD

Have the link to the VOD?

Description

Time

  • Played on: July 12, 2018, 11:40 a.m.
  • Length: 11:33

All games in this series

Show
View Real Time Build Order
Export as new Build Order

ShoWTimE Protoss - Winner!

Build Orders: 1 Gate Expand, Oracle Opening, Phoenix Opening, Archon Immortal, Zealot Archon, Archon Drop 

Get SALT Encoding   

  12  0:00  Probe  
  13  0:12  Probe  
  14  0:18  Pylon  
  14  0:24  Probe  
  15  0:32  Probe  
  15  0:40  Gateway, Probe  
  16  0:46  Assimilator  
  17  0:51  Probe  
  18  1:03  Probe  
  19  1:15  Probe  
  20  1:25  Nexus  
  20  1:34  Cybernetics Core  
  20  1:37  Probe  
  21  1:42  Assimilator  
  21  1:49  Probe  
  21  1:52  Pylon  
  22  2:01  Probe  
  22  2:02  Adept  
  23  2:13  Probe  
  26  2:15  Stargate  
  26  2:21  Warp Gate  
  26  2:25  Probe  
  26  2:28  Adept  
  29  2:33  Probe  
  30  2:37  Probe  
  30  2:41  Probe  
  31  2:49  Probe  
  31  2:51  Probe, Phoenix  
  33  2:55  Adept  
  36  3:02  Probe  
  36  3:05  Probe  
  40  3:07  Oracle  
  40  3:10  Pylon  
  40  3:14  Probe  
  40  3:17  Probe  
  45  3:22  Assimilator  
  45  3:25  Assimilator  
  45  3:26  Probe  
  46  3:29  Probe  
  47  3:35  Gateway  
  47  3:38  Probe  
  47  3:40  Probe  
  48  3:47  Robotics Facility  
  49  3:48  Probe  
  49  3:51  Probe  
  51  3:56  Probe  
  51  4:00  Pylon  
  52  4:03  Probe  
  52  4:06  Twilight Council  
  52  4:08  Probe  
  54  4:18  Probe  
  54  4:21  Gateway  
  54  4:22  Gateway  
  55  4:26  Zealot, Warp Prism  
  55  4:28  Probe  
  58  4:31  Pylon  
  60  4:42  Pylon  
  60  4:45  Templar Archives  
  60  4:57  Nexus  
  60  5:00  Shield Battery  
  60  5:01  Probe  
  60  5:03  Probe  
  63  5:07  Observer  
  63  5:09  Forge  
  63  5:13  Probe  
  64  5:14  Protoss Ground Weapons Level 1, Pylon  
  64  5:15  Probe  
  65  5:22  Charge  
  65  5:25  Probe  
  65  5:26  High Templar x4  
  65  5:27  Probe  
  75  5:30  Archon x2  
  75  5:37  Probe  
  75  5:39  Probe  
  78  5:50  Probe  
  78  5:53  Probe  
  78  5:54  Gateway  
  78  5:56  Gateway  
  79  6:02  Gateway, Probe  
  79  6:04  Gateway, Pylon  
  80  6:05  Probe  
  80  6:10  Probe  
  82  6:14  Probe  
  82  6:16  Zealot x3  
  82  6:17  Probe  
  90  6:18  Zealot  
  90  6:23  Probe  
  93  6:26  Probe  
  93  6:27  Pylon  
  94  6:34  Assimilator  
  94  6:35  Probe x2  
  94  6:36  Zealot x2  
  94  6:37  Zealot  
  94  6:38  Assimilator  
  88  6:41  Zealot  
  88  6:43  Probe  
  91  6:47  Probe  
  91  6:48  Pylon, Probe  
  93  6:55  High Templar  
  93  6:56  High Templar  
  93  6:57  High Templar x4  
  93  6:59  Protoss Ground Weapons Level 2  
  93  7:01  Archon x2  
  105  7:02  Zealot x2, Archon  
  109  7:15  Pylon  
  109  7:17  Pylon  
  109  7:18  Photon Cannon  
  109  7:26  Gateway, Zealot x2  
  109  7:27  Gateway  
  109  7:28  High Templar x2  
  109  7:29  Immortal, Zealot x3  
  123  7:33  Zealot, Archon  
  125  7:43  Robotics Facility  
  121  7:52  Shield Battery  
  121  7:53  Sentry x2  
  121  7:54  Shield Battery  
  121  7:55  Immortal  
  121  7:57  Sentry  
  121  7:58  Zealot x3  
  133  8:04  Pylon  
  135  8:13  Pylon  
  135  8:15  Shield Battery  
  135  8:16  Sentry, Shield Battery  
  137  8:21  Zealot x2  
  137  8:22  Immortal  
  137  8:23  Shield Battery  
  123  8:30  Zealot x4  
  123  8:35  Zealot  
  123  8:39  Zealot  
  125  8:42  Zealot x2  
  127  8:48  Pylon  
  127  8:52  Zealot x3  
  119  8:59  Shield Battery  
  119  9:00  Immortal  
  119  9:02  Shield Battery  
  121  9:05  Pylon  
  121  9:11  Shield Battery, High Templar x2  
  121  9:13  High Templar x2  
  129  9:17  Archon x2  
  129  9:19  Photon Cannon  
  129  9:33  Zealot x4  
  129  9:37  Psionic Storm  
  137  9:39  Pylon  
  137  9:40  Probe  
  138  9:48  Zealot x4  
  143  9:57  Pylon  
  143  9:58  High Templar x3  
  149  10:05  High Templar  
  151  10:18  Nexus  
  151  10:20  Photon Cannon  
  149  10:22  Pylon  
  149  10:24  Zealot x2  
  153  10:32  Pylon  
  153  10:38  High Templar x3  
  153  10:42  Photon Cannon, High Templar  
  161  10:43  Archon  
  161  10:44  Zealot x2  
  161  10:46  Archon  
  165  10:50  Zealot x2  
  165  10:51  Zealot x2  
  168  11:05  Zealot x2  
  161  11:13  Zealot x4  
  161  11:15  Archon  
  161  11:16  Archon  
  155  11:18  Zealot x3  
  155  11:19  Zealot  
Show
View Real Time Build Order
Export as new Build Order

SortOf Zerg 

Build Orders: Hatch First 

Get SALT Encoding   

  12  0:00  Drone  
  13  0:12  Overlord  
  13  0:17  Drone  
  14  0:32  Drone x2  
  16  0:49  Hatchery  
  15  0:51  Drone  
  15  0:56  Drone  
  17  0:59  Drone  
  18  1:10  Extractor  
  17  1:15  Spawning Pool  
  17  1:16  Drone  
  17  1:19  Drone  
  18  1:29  Drone  
  19  1:39  Drone  
  20  1:52  Overlord  
  20  2:01  Queen x2  
  20  2:03  Zergling x4  
  26  2:13  Metabolic Boost  
  26  2:14  Drone  
  26  2:15  Drone  
  28  2:25  Drone x2  
  30  2:36  Hatchery  
  29  2:38  Drone  
  29  2:43  Drone  
  31  2:46  Drone  
  31  2:50  Evolution Chamber  
  31  2:51  Drone  
  31  2:55  Drone  
  33  2:58  Queen  
  33  3:00  Drone  
  36  3:13  Overlord  
  36  3:14  Overlord  
  36  3:21  Zerg Melee Weapons Level 1  
  36  3:22  Spore Crawler  
  36  3:26  Drone  
  36  3:32  Drone x4  
  40  3:37  Queen  
  40  3:38  Drone x2  
  44  3:44  Overlord  
  44  3:47  Overlord  
  44  3:50  Drone x2  
  44  3:54  Zergling x4  
  48  3:56  Drone  
  48  3:59  Drone  
  50  4:03  Spore Crawler  
  50  4:05  Drone x2  
  50  4:06  Drone  
  52  4:10  Queen  
  52  4:17  Drone  
  54  4:18  Drone x3  
  54  4:23  Drone x2  
  59  4:31  Overlord  
  59  4:32  Overlord  
  59  4:34  Zergling x6  
  62  4:39  Zergling x4  
  64  4:46  Zergling x4  
  64  4:49  Queen  
  68  4:53  Zergling x16  
  68  4:56  Extractor  
  68  4:58  Zergling x2  
  76  5:00  Overlord  
  76  5:02  Zergling x4  
  76  5:05  Lair  
  78  5:08  Drone  
  78  5:09  Drone  
  78  5:11  Drone  
  78  5:12  Extractor  
  78  5:23  Roach Warren  
  78  5:25  Zergling x18  
  85  5:33  Overlord  
  85  5:35  Drone  
  85  5:36  Drone x4  
  89  5:43  Overlord  
  89  5:49  Overlord  
  89  5:55  Drone x3  
  91  6:05  Glial Reconstitution  
  91  6:06  Overlord, Roach x3  
  91  6:09  Extractor, Roach x6  
  91  6:10  Overseer  
  108  6:15  Drone x2  
  108  6:17  Drone  
  111  6:24  Hatchery  
  111  6:25  Roach x2  
  114  6:31  Roach  
  113  6:33  Roach  
  113  6:38  Roach x5  
  115  6:40  Roach  
  115  6:43  Roach x2  
  120  6:50  Roach  
  122  6:58  Overlord x3  
  122  7:00  Overlord  
  122  7:01  Overlord  
  121  7:12  Overlord  
  121  7:17  Roach x8  
  137  7:22  Roach  
  137  7:23  Roach x4  
  139  7:30  Roach x3  
  139  7:36  Overlord  
  144  7:43  Overlord x5, Zergling x2  
  145  7:48  Zergling x8  
  149  7:56  Zergling x12  
  155  8:01  Zergling x2  
  155  8:02  Zergling x2, Ravager x5  
  162  8:11  Zergling x4  
  162  8:12  Zergling x14  
  171  8:26  Zergling x16  
  164  8:32  Zergling x2  
  149  8:36  Roach  
  149  8:37  Roach  
  136  8:42  Roach x8  
  136  8:46  Roach  
  144  8:49  Roach x2  
  144  8:52  Drone x2  
  140  8:57  Drone x2  
  141  9:05  Zerg Melee Weapons Level 2  
  141  9:08  Infestation Pit  
  140  9:10  Extractor, Baneling Nest  
  140  9:13  Drone  
  140  9:14  Drone x6  
  143  9:21  Drone  
  142  9:26  Drone x7  
  149  9:36  Overlord  
  146  9:42  Drone x4  
  146  9:43  Extractor  
  149  9:50  Zergling x24  
  161  9:57  Centrifical Hooks, Hive  
  161  9:59  Swarm Host x2  
  162  10:09  Baneling x8  
  162  10:13  Zergling x24  
  174  10:17  Ravager  
  174  10:21  Zergling x12  
  174  10:27  Zergling x2, Ravager x4  
  174  10:28  Zergling x2  
  176  10:35  Baneling x5  
  175  10:38  Zergling x14  
  182  10:46  Zergling x2  
  182  10:47  Zergling x2  
  182  10:49  Baneling x7  
  184  10:53  Hatchery  
  168  10:59  Zergling x12  
  173  11:04  Baneling x2  
Tags
 
Add a new tag
Caveats
  • Supply blocks, unpowered buildings, or Contaminate may cause inaccurate times.
  • Supply counts are checked every 10 seconds.